Map: Blackpink LE

Players

kauP

  • Race: Terran Terran
  • Spawn Location: 1:00

Yours - Winner!

  • Race: Zerg Zerg
  • Spawn Location: 7:00

Event: WCS Leipzig 2018

VOD

Have the link to the VOD?

Description

Time

  • Played on: Jan. 26, 2018, 1:53 p.m.
  • Length: 31:04

All games in this series

Show
View Real Time Build Order
Export as new Build Order

kauP Terran 

Build Orders: Reaper Expand, Bio Tank, Hellion Banshee 

Get SALT Encoding   

  12  0:01  SCV  
  13  0:13  SCV  
  14  0:17  Supply Depot  
  14  0:25  SCV  
  15  0:39  SCV  
  15  0:42  Barracks  
  16  0:47  Refinery  
  16  0:51  SCV  
  17  1:03  SCV  
  18  1:15  SCV  
  19  1:29  Orbital Command  
  19  1:30  Reaper  
  20  1:41  Command Center  
  20  1:50  Refinery  
  20  1:54  Supply Depot  
  20  1:55  SCV  
  21  2:06  Factory  
  21  2:09  SCV  
  22  2:20  Barracks Reactor  
  22  2:21  SCV  
  23  2:33  SCV  
  24  2:45  SCV  
  25  2:51  Starport  
  25  2:52  Orbital Command  
  25  2:57  SCV  
  26  3:01  Hellion x2  
  26  3:02  Barracks Tech Lab  
  30  3:09  SCV  
  31  3:20  SCV  
  31  3:21  SCV  
  31  3:22  Hellion x2  
  37  3:28  Supply Depot  
  37  3:32  SCV  
  37  3:34  SCV  
  38  3:41  Banshee, Cloaking Field  
  38  3:44  Hellion, SCV  
  38  3:46  SCV  
  45  3:50  Hellion  
  45  3:54  Barracks Tech Lab  
  45  3:55  Supply Depot  
  47  3:56  SCV  
  47  3:58  SCV  
  49  4:04  Supply Depot  
  49  4:07  Hellion  
  51  4:12  Hellion  
  51  4:13  SCV  
  51  4:15  SCV  
  51  4:25  SCV  
  51  4:28  Hellion  
  51  4:29  Banshee  
  53  4:33  Hellion  
  57  4:40  Marine, Stimpack  
  56  4:45  Command Center  
  56  4:55  Cyclone  
  56  4:56  Barracks  
  56  4:57  Barracks  
  59  5:03  SCV x2  
  63  5:07  Hellion  
  63  5:17  Banshee  
  66  5:28  Hellion  
  68  5:33  Engineering Bay  
  68  5:34  Engineering Bay  
  70  5:40  Supply Depot  
  70  5:41  Supply Depot  
  68  5:44  Refinery  
  68  5:45  Supply Depot  
  68  5:46  Barracks Reactor  
  68  5:51  SCV  
  68  5:52  SCV  
  70  5:57  Orbital Command  
  70  6:00  Marine  
  70  6:01  Terran Infantry Weapons Level 1  
  70  6:02  Terran Infantry Armor Level 1  
  71  6:07  Marine x2  
  73  6:14  SCV x2  
  73  6:16  Missile Turret  
  73  6:18  Medivac, Marine, Siege Tank  
  75  6:20  Orbital Command  
  75  6:25  Marine x2  
  83  6:28  SCV x2  
  83  6:32  Marine x2  
  87  6:33  Armory  
  87  6:35  Supply Depot  
  87  6:36  Marine  
  88  6:40  SCV x2, Supply Depot  
  88  6:43  Marine x2  
  92  6:50  Marine x2  
  92  6:54  Marine  
  94  6:55  SCV x2  
  94  6:57  Medivac, Siege Tank  
  94  7:00  Marine  
  94  7:01  Marine  
  104  7:08  Marine  
  92  7:11  Marine x2  
  92  7:14  SCV x2  
  93  7:18  Marine x2  
  95  7:27  SCV  
  95  7:28  SCV  
  95  7:29  Barracks, Siege Tank  
  94  7:30  Barracks  
  94  7:33  Marine  
  94  7:34  Marine x2  
  94  7:35  Refinery  
  94  7:36  Combat Shields  
  97  7:41  SCV x2  
  99  7:45  Bunker  
  99  7:49  Marine x2  
  101  7:51  Marine x2  
  101  7:54  SCV  
  101  7:55  SCV x2  
  101  7:56  Terran Infantry Weapons Level 2  
  106  7:58  Supply Depot  
  106  8:00  Terran Infantry Armor Level 2  
  106  8:05  Refinery x2, Marine  
  106  8:07  Marine x2  
  106  8:09  Marine  
  106  8:12  SCV x3  
  113  8:18  Factory  
  113  8:19  Marine x3  
  112  8:28  Marine x2  
  112  8:29  Marine x2  
  109  8:37  SCV, Marine x3  
  109  8:38  SCV x2  
  108  8:46  Marine x2  
  108  8:47  Marine x2  
  108  8:48  Command Center  
  112  8:50  SCV x2  
  112  8:53  Starport Reactor  
  112  8:54  Marine  
  115  8:57  Marine  
  115  8:58  Marine  
  115  8:59  Supply Depot  
  115  9:01  Barracks  
  115  9:02  Barracks  
  117  9:04  Marine x2  
  117  9:05  SCV x2, Marine  
  117  9:06  Factory Tech Lab  
  117  9:08  SCV  
  123  9:10  Marine  
  123  9:12  Siege Tank, Marine  
  127  9:17  SCV  
  127  9:21  Factory  
  127  9:29  Siege Tank  
  130  9:32  Supply Depot, Marine x6  
  130  9:33  Supply Depot  
  130  9:36  Medivac x2  
  130  9:37  Ghost Academy  
  140  9:53  Siege Tank  
  140  9:54  Barracks Tech Lab x3  
  140  9:55  Barracks Tech Lab  
  140  9:59  Supply Depot  
  138  10:00  Supply Depot  
  138  10:01  Siege Tank  
  138  10:05  Factory Tech Lab  
  140  10:14  Sensor Tower  
  140  10:16  Command Center, Terran Infantry Weapons Level 3, Terran Infantry Armor Level 3  
  140  10:25  Siege Tank  
  143  10:29  SCV x2  
  143  10:33  Ghost x2  
  143  10:34  Ghost  
  143  10:35  Marine x2  
  144  10:44  Refinery  
  144  10:45  Refinery  
  143  10:52  Siege Tank x2  
  149  11:02  Planetary Fortress  
  148  11:08  Ghost  
  148  11:09  Command Center  
  148  11:11  Command Center  
  150  11:13  Marine x3, Ghost  
  155  11:25  Ghost  
  155  11:26  Siege Tank  
  155  11:28  Marine x3  
  163  11:39  Ghost  
  158  11:40  Marine x2  
  158  11:42  Ghost  
  154  11:50  Ghost x2  
  154  11:53  Marine x2  
  154  11:54  Marine  
  157  11:55  Siege Tank  
  157  11:58  Orbital Command  
  157  11:59  SCV x2  
  146  12:15  Command Center  
  137  12:17  Command Center  
  137  12:21  Medivac x2, Siege Tank  
  137  12:22  Siege Tank  
  147  12:24  Orbital Command  
  147  12:29  Supply Depot, Orbital Command  
  147  12:35  Liberator  
  147  12:36  Liberator  
  147  12:38  Ghost x2  
  151  12:46  Sensor Tower  
  150  12:55  Starport  
  156  13:00  Fusion Core  
  153  13:16  Ghost x3  
  153  13:18  Marine x4  
  132  13:34  Liberator  
  132  13:35  Liberator  
  132  13:38  Ghost  
  132  13:39  Ghost  
  114  13:45  Ghost  
  116  13:54  Orbital Command  
  122  14:00  Marine x5  
  127  14:03  Liberator  
  127  14:08  Planetary Fortress  
  127  14:11  Missile Turret x2  
  127  14:13  Missile Turret x2  
  127  14:14  Missile Turret  
  127  14:15  Missile Turret  
  127  14:17  Liberator, Missile Turret  
  130  14:25  Siege Tank  
  133  14:33  Supply Depot  
  133  14:34  Siege Tank x2  
  133  14:38  Supply Depot  
  142  14:44  Liberator  
  141  14:49  Ghost, Sensor Tower  
  141  14:51  Sensor Tower  
  145  15:08  Command Center  
  145  15:09  Command Center  
  148  15:14  Siege Tank x2  
  127  15:42  Ghost  
  127  15:43  Ghost x4, Marine  
  127  15:44  Marine x2  
  127  15:47  Command Center x2  
  140  15:53  Command Center  
  140  15:57  Hi-Sec Auto Tracking  
  140  15:59  Building Armor  
  140  16:00  Starport Tech Lab  
  140  16:14  Marine  
  140  16:15  Marine x3, Ghost  
  140  16:16  Ghost  
  148  16:26  Liberator  
  148  16:27  Missile Turret  
  148  16:29  Missile Turret  
  144  16:42  Ghost x2  
  124  17:23  Ghost x3  
  124  17:24  Ghost  
  124  17:25  Planetary Fortress  
  132  17:33  Ghost, Marine  
  135  17:44  Missile Turret x3  
  135  17:46  Missile Turret x3  
  135  17:47  Missile Turret  
  135  17:58  Ghost x2  
  135  18:01  Supply Depot  
  135  18:02  Supply Depot  
  135  18:03  Supply Depot  
  101  18:22  Ghost  
  101  18:23  Ghost  
  101  18:24  Marine x4  
  111  18:27  Marine  
  112  18:35  Missile Turret  
  112  18:36  Missile Turret  
  112  18:38  Orbital Command  
  112  18:45  Ghost  
  112  18:46  Ghost  
  114  18:48  Siege Tank  
  114  18:49  Siege Tank  
  120  19:09  Command Center  
  120  19:10  Refinery  
  120  19:15  Refinery, Liberator, Missile Turret  
  120  19:17  Missile Turret  
  120  19:20  Liberator, Missile Turret  
  120  19:24  Missile Turret  
  120  19:28  Siege Tank x2  
  126  19:37  Liberator  
  132  19:45  Missile Turret  
  132  19:46  Missile Turret  
  132  19:50  Siege Tank  
  135  19:54  Advanced Ballistics  
  138  20:00  Siege Tank  
  141  20:12  Starport  
  141  20:15  Viking, Starport  
  141  20:20  Viking, Missile Turret  
  141  20:21  Missile Turret x2  
  145  20:22  Planetary Fortress  
  145  20:32  Marine  
  145  20:33  Marine x3  
  149  20:37  Viking  
  149  20:40  Missile Turret  
  151  20:45  Viking  
  153  20:50  Viking  
  154  21:08  Marauder  
  154  21:09  Viking x3  
  162  21:15  Viking  
  164  21:20  Viking  
  166  21:39  Viking x3  
  171  21:51  Viking  
  158  22:23  Refinery, Ghost  
  158  22:24  Refinery  
  160  22:30  Command Center  
  160  22:53  Ghost x5  
  160  22:54  Marine  
  165  23:06  Orbital Command  
  162  23:21  Viking x2  
  166  23:32  Liberator  
  166  23:33  Liberator x2  
  165  23:34  Liberator x2  
  165  23:54  Orbital Command  
  178  24:06  Marine x5  
  177  24:15  Liberator  
  177  24:20  Orbital Command  
  177  24:29  Marine x2  
  177  24:30  Marine x2  
  181  24:33  Medivac  
  186  24:42  Liberator x2  
  186  24:43  Liberator  
  186  24:44  Refinery  
  186  24:45  Liberator  
  186  24:53  Missile Turret x2  
  186  24:54  Missile Turret  
  186  24:55  Missile Turret  
  186  24:57  Missile Turret  
  189  25:01  Orbital Command  
  192  25:33  Missile Turret  
  180  25:38  Liberator x2  
  180  25:44  Missile Turret  
  180  25:45  Missile Turret  
  180  25:46  Missile Turret x2  
  180  25:48  Missile Turret  
  170  26:13  Marine x2  
  170  26:15  Refinery  
  170  26:16  Refinery  
  172  26:22  Missile Turret  
  172  26:28  Orbital Command  
  172  26:30  Ghost  
  164  26:54  SCV x3  
  164  26:55  SCV x2  
  164  26:56  SCV x3  
  172  27:07  Missile Turret  
  172  27:08  Missile Turret  
  172  27:09  Missile Turret  
  172  27:10  Missile Turret  
  172  27:11  Missile Turret x2  
  172  27:13  Missile Turret  
  172  27:35  Ghost x3  
  178  27:42  Sensor Tower  
  178  28:03  Orbital Command  
  172  28:10  Ghost x2  
  145  28:13  Orbital Command  
  145  28:15  Ghost  
  134  28:21  Unknown x4  
  128  28:31  Ghost  
  128  28:32  Marine x2  
  119  29:00  Ghost x2  
  119  29:01  Marine x3  
  92  29:11  Refinery  
  92  29:16  Ghost, Marine x2  
  92  29:17  Marine  
  86  29:23  Marine x3  
  90  29:29  Marine x2  
  74  29:40  Ghost x2  
  64  29:50  Ghost  
  64  29:52  Marine x6  
  63  29:53  Hellion  
  63  29:54  Hellion  
  62  30:06  Hellion, Medivac  
  66  30:09  Marine  
  67  30:15  Hellion x2  
  71  30:28  Hellion  
  73  30:29  Marine x3  
  76  30:36  Hellion  
Show
View Real Time Build Order
Export as new Build Order

Yours Zerg - Winner!

Build Orders: Hatch First 

Get SALT Encoding   

  12  0:01  Drone  
  13  0:12  Overlord  
  13  0:17  Drone  
  14  0:30  Drone x2  
  14  0:35  Drone  
  17  0:52  Hatchery  
  17  0:55  Drone  
  17  0:57  Drone  
  18  1:08  Extractor  
  17  1:13  Spawning Pool  
  17  1:16  Drone  
  17  1:19  Drone  
  18  1:28  Drone  
  19  1:40  Overlord  
  19  2:00  Zergling x4  
  19  2:01  Queen  
  21  2:04  Zergling x2, Queen  
  21  2:07  Metabolic Boost  
  26  2:10  Drone  
  26  2:15  Drone  
  28  2:24  Drone  
  28  2:29  Overlord  
  29  2:38  Queen  
  29  2:40  Drone x2  
  33  2:51  Pneumatized Carapace  
  33  2:52  Drone x2  
  33  2:53  Drone  
  33  2:58  Drone  
  37  3:06  Drone  
  37  3:09  Drone x4  
  42  3:26  Hatchery  
  41  3:36  Drone x2  
  41  3:37  Drone  
  41  3:40  Overlord  
  44  3:45  Overlord  
  44  3:55  Extractor  
  43  3:57  Queen  
  43  3:58  Drone x2  
  43  3:59  Drone x2  
  43  4:00  Zergling x6  
  52  4:04  Zergling x2  
  52  4:05  Lair  
  52  4:07  Zergling x2  
  54  4:12  Zergling x2  
  53  4:21  Drone x2  
  53  4:22  Drone x4  
  58  4:31  Spore Crawler  
  58  4:33  Drone  
  58  4:34  Drone, Spore Crawler  
  58  4:42  Queen  
  58  4:43  Drone x2  
  62  4:46  Drone  
  62  4:47  Drone  
  63  4:56  Zergling x4  
  63  4:58  Spore Crawler  
  64  5:02  Drone  
  64  5:08  Overseer  
  64  5:13  Zergling x4  
  63  5:17  Spore Crawler  
  63  5:18  Spore Crawler  
  61  5:22  Drone x4  
  61  5:23  Overlord x2  
  61  5:26  Evolution Chamber  
  61  5:28  Evolution Chamber  
  63  5:29  Drone x2  
  66  5:38  Overlord  
  66  5:42  Baneling Nest  
  65  5:43  Drone x8  
  65  5:46  Drone x3  
  76  5:54  Zerg Ground Armor Level 1, Zerg Melee Weapons Level 1  
  76  5:55  Drone x2  
  76  5:56  Drone  
  79  6:00  Extractor  
  79  6:01  Extractor  
  77  6:05  Drone  
  77  6:06  Drone  
  77  6:07  Drone x3  
  77  6:10  Extractor, Hydralisk Den  
  80  6:19  Drone  
  80  6:21  Drone  
  80  6:22  Zergling x10  
  87  6:30  Hatchery  
  87  6:31  Centrifical Hooks  
  86  6:33  Baneling x3  
  86  6:34  Baneling x2  
  86  6:39  Zergling x8  
  90  6:41  Overlord x2  
  90  6:42  Overlord  
  84  7:03  Zergling x26  
  86  7:09  Queen x3  
  85  7:29  Muscular Augments  
  84  7:30  Drone  
  84  7:31  Drone x7  
  84  7:33  Baneling  
  84  7:34  Baneling x8  
  92  7:41  Zergling x10  
  92  7:43  Extractor  
  96  7:45  Hatchery  
  96  7:48  Zergling x6  
  98  7:57  Zergling x6  
  101  8:03  Hydralisk x2  
  101  8:04  Hydralisk x5  
  115  8:12  Baneling x2  
  114  8:13  Baneling x3  
  114  8:15  Baneling x3  
  114  8:17  Zergling x8  
  114  8:19  Zerg Ground Armor Level 2, Zerg Melee Weapons Level 2  
  111  8:29  Zergling x22  
  115  8:37  Queen  
  115  8:39  Hydralisk  
  115  8:41  Overlord x3  
  118  8:45  Infestation Pit  
  117  8:51  Overlord  
  117  8:52  Overlord  
  117  8:56  Baneling x6  
  117  8:57  Baneling x2  
  117  9:05  Overseer  
  117  9:10  Drone x2  
  117  9:11  Drone  
  117  9:12  Drone x3  
  121  9:17  Hydralisk x8, Overlord  
  121  9:20  Queen  
  121  9:23  Zergling x8  
  121  9:24  Zergling x2  
  144  9:32  Hive  
  144  9:36  Zergling x2  
  144  9:37  Zergling x16  
  153  9:39  Baneling x3  
  149  10:08  Overlord x2  
  149  10:09  Overlord x4  
  149  10:10  Zergling x18  
  149  10:13  Baneling x5  
  158  10:18  Spore Crawler  
  157  10:21  Overlord  
  156  10:30  Zergling x24  
  165  10:42  Zergling x2  
  165  10:43  Zergling x14  
  172  10:56  Adrenal Glands  
  172  10:57  Zerg Melee Weapons Level 3, Zerg Ground Armor Level 3  
  172  10:58  Viper x3, Ultralisk Cavern  
  172  11:01  Overseer  
  172  11:04  Zergling x18  
  188  11:27  Drone x5, Extractor  
  191  11:35  Hatchery  
  184  11:41  Baneling x15  
  170  12:06  Zergling x20  
  170  12:07  Zergling x20  
  168  12:09  Chitinous Plating  
  168  12:13  Drone  
  166  12:16  Drone  
  166  12:17  Drone x2  
  166  12:22  Ultralisk  
  175  12:28  Hatchery  
  174  12:33  Drone  
  174  12:34  Drone x2  
  174  12:36  Ultralisk  
  181  12:56  Baneling x5  
  181  12:57  Zergling x6  
  181  12:58  Ultralisk, Zergling x18  
  195  13:03  Spire  
  178  13:29  Zergling x8  
  178  13:30  Zergling x34  
  175  13:35  Zergling x4  
  169  13:42  Ultralisk  
  169  13:43  Zergling x6  
  169  13:45  Overseer  
  178  13:49  Queen  
  178  13:53  Viper x3  
  189  13:58  Zergling x10  
  194  14:16  Corruptor x3  
  200  14:19  Baneling x12  
  200  14:20  Baneling  
  200  14:21  Baneling x7  
  200  14:34  Spine Crawler, Spore Crawler  
  200  14:35  Spine Crawler  
  196  14:41  Extractor  
  196  14:42  Drone x3  
  198  14:55  Corruptor  
  200  15:06  Zerg Flyer Weapons Level 1  
  200  15:13  Drone  
  200  15:18  Baneling x9  
  200  15:19  Baneling x11  
  160  15:37  Corruptor x6  
  160  15:39  Zergling x2  
  160  15:40  Zergling x42  
  160  15:42  Overlord x3  
  187  15:45  Overseer x2  
  187  15:46  Overseer  
  187  15:54  Extractor  
  186  15:58  Drone  
  187  16:07  Hatchery  
  187  16:08  Corruptor x2  
  190  16:13  Zergling x18  
  190  16:14  Baneling  
  190  16:15  Baneling x14  
  199  16:21  Drone, Extractor  
  197  16:42  Baneling x4  
  197  16:47  Baneling x2  
  197  16:49  Baneling x5  
  197  16:56  Overseer x2  
  141  17:16  Zergling x8  
  141  17:17  Zergling x48  
  164  17:23  Zergling x34  
  181  17:30  Ultralisk, Zergling x10  
  181  17:32  Baneling x3  
  181  17:33  Corruptor x2  
  190  17:41  Zergling x12  
  190  17:42  Zergling x2  
  190  17:43  Baneling x22  
  197  17:49  Baneling x9  
  197  17:50  Zergling x4  
  199  17:56  Baneling x2  
  199  17:57  Baneling x4  
  151  18:14  Zergling x36  
  144  18:20  Corruptor x3  
  144  18:23  Zergling x10  
  144  18:31  Baneling x6  
  144  18:32  Baneling x4  
  144  18:37  Greater Spire  
  144  18:40  Drone  
  144  18:41  Drone x2  
  147  18:44  Baneling x12  
  147  18:47  Corruptor x2  
  151  19:01  Corruptor x2  
  151  19:06  Zergling x24  
  163  19:12  Drone  
  157  19:26  Corruptor x2  
  157  19:27  Corruptor x2  
  157  19:29  Drone  
  157  19:30  Drone x2  
  157  19:31  Corruptor  
  168  19:33  Baneling  
  168  19:34  Baneling x4  
  170  19:50  Brood Lord  
  170  19:51  Brood Lord x3  
  170  19:52  Brood Lord  
  179  19:55  Hatchery  
  174  20:03  Brood Lord  
  176  20:08  Burrow  
  176  20:09  Pathogen Glands  
  176  20:17  Brood Lord  
  176  20:18  Zergling x4  
  176  20:19  Zergling x26  
  193  20:30  Extractor  
  193  20:31  Drone  
  193  20:34  Zerg Flyer Weapons Level 2  
  193  20:44  Baneling  
  193  20:45  Baneling x9  
  193  21:05  Overseer x2  
  193  21:08  Overlord x2  
  193  21:09  Overlord  
  193  21:10  Overseer  
  193  21:26  Brood Lord  
  193  21:27  Brood Lord  
  193  21:29  Brood Lord  
  193  21:30  Baneling  
  197  21:33  Drone x3  
  197  21:39  Baneling x2  
  190  21:51  Brood Lord  
  190  21:53  Zergling x20  
  196  21:56  Corruptor  
  196  21:57  Corruptor  
  200  22:29  Baneling x3  
  200  22:35  Extractor  
  187  23:07  Viper x4  
  187  23:09  Viper  
  191  23:25  Zergling x18  
  197  23:48  Hatchery  
  188  24:23  Overseer  
  182  24:29  Zergling x36  
  199  24:42  Zergling x2  
  197  25:10  Corruptor x7  
  184  25:39  Queen  
  182  25:44  Extractor  
  176  26:00  Zergling x20  
  176  26:01  Zergling x18  
  182  26:13  Zergling x20  
  182  26:14  Zergling x2  
  177  26:51  Overlord x4  
  176  26:54  Overseer x2  
  176  26:55  Overseer  
  176  26:59  Baneling  
  176  27:00  Baneling x24  
  176  27:10  Extractor  
  176  27:14  Drone x4  
  176  27:15  Drone  
  180  27:19  Zergling x2  
  180  27:20  Zergling x36  
  199  27:23  Extractor, Hatchery  
  199  27:27  Extractor  
  196  27:33  Corruptor  
  198  27:49  Baneling  
  198  27:50  Baneling x4  
  182  28:10  Corruptor  
  182  28:11  Corruptor x24  
  197  28:16  Viper x3  
  191  28:22  Overlord x3  
  179  28:29  Zergling x18  
  176  28:37  Baneling x4  
  176  28:38  Baneling x2  
  163  28:48  Baneling  
  163  28:49  Baneling x17  
  163  28:55  Overseer  
  154  29:01  Zergling x22  
  154  29:02  Zergling x20  
  152  29:20  Zergling x26  
  152  29:22  Zergling x4  
  164  29:25  Baneling x6  
  164  29:26  Overseer x2  
  154  29:44  Ultralisk x2, Zergling x26  
  154  29:45  Zergling x2  
  178  29:52  Zergling x2  
  175  29:53  Zergling x8  
  177  30:02  Brood Lord  
  177  30:03  Brood Lord x3  
  177  30:04  Brood Lord  
  177  30:05  Brood Lord  
  177  30:06  Zergling x12  
  177  30:07  Zergling x10  
  200  30:11  Extractor  
  197  30:29  Overlord x2  
Tags
 
Add a new tag
Caveats
  • Supply blocks, unpowered buildings, or Contaminate may cause inaccurate times.
  • Supply counts are checked every 10 seconds.